 Dungeon Crawl Stone Soup version 0.23.2-33-g5129a83184 (webtiles) character file.

Game seed: 16631220178947801975

966 Kold the Destroyer (level 7, -2/50 HPs)
             Began as a Purple Draconian Conjurer on July 10, 2019.
             Slain by an orc warrior
             ... wielding a +0 trident
              (21 damage)
             ... on level 6 of the Dungeon.
             The game lasted 00:13:42 (5366 turns).

Kold the Destroyer (Purple Draconian Conjurer)      Turns: 5366, Time: 00:13:42

Health: -2/50      AC:  9    Str: 14    XL:     7   Next: 93%
Magic:  1/14       EV: 12    Int: 18    God:
Gold:   322        SH:  0    Dex: 11    Spells: 5/16 levels left

rFire    + . .     SeeInvis .   n - +3 morningstar (protect)
rCold    . . .     Gourm    +   (no shield)
rNeg     . . .     Faith    .   (armour unavailable)
rPois    .         Spirit   .   f - +2 hat
rElec    .         Reflect  .   (no cloak)
rCorr    .         Harm     .   j - +0 pair of gloves
MR       +....                  (no boots)
Stlth    ++........             g - amulet of the gourmand
HPRegen  0.16/turn              a - ring of protection from fire
MPRegen  0.14/turn              p - +4 ring of strength

@: no status effects
A: breathe power, unfitting armour, cold-blooded, AC +6
a: Breathe Dispelling Energy


You were on level 6 of the Dungeon.
You were very full.

You visited 1 branch of the dungeon, and saw 6 of its levels.
You also visited: Sewer.

You collected 344 gold pieces.
You spent 22 gold pieces at shops.

Inventory:

Hand Weapons
 d - a +0 dagger
 n - a +3 morningstar of protection (weapon)
Missiles
 q - 2 throwing nets (quivered)
Armour
 f - a +2 hat (worn)
 j - a +0 pair of gloves (worn)
Jewellery
 a - a ring of protection from fire (left hand)
 g - an amulet of the gourmand (around neck)
 l - a +3 ring of dexterity
 p - a +4 ring of strength (right hand)
Wands
 x - a wand of flame (16)
Scrolls
 c - 2 scrolls of amnesia
 e - 7 scrolls of identify
 h - a scroll of magic mapping
 i - 3 scrolls of teleportation
 o - a scroll of fog {unknown}
 r - a scroll of fear {unknown}
 s - a scroll of blinking {unknown}
 t - 2 scrolls of enchant weapon {unknown}
 w - a scroll of immolation {unknown}
Potions
 k - 2 potions of curing
 m - 3 potions of might {unknown}
 u - 5 potions of flight {unknown}
 v - a potion of mutation {unknown}
Comestibles
 b - 4 rations


   Skills:
 - Level 2.0 Dodging
 - Level 2.0 Stealth
 - Level 5.0 Spellcasting
 * Level 8.2 Conjurations
 + Level 3.9 Hexes


You had 5 spell levels left.
You knew the following spells:

 Your Spells              Type           Power        Failure   Level  Hunger
a - Magic Dart            Conj           ####         1%          1    None
b - Searing Ray           Conj           ####..       1%          2    #......
c - Iskenderun's Mystic   Conj           ####....     4%          4    ####...
d - Fulminant Prism       Conj/Hex       ####......   11%         4    ####...

Your spell library contained the following spells:

 Spells                   Type           Power        Failure   Level  Hunger
 Dazzling Spray           Conj/Hex       ####..       3%          3    ##.....
 Force Lance              Conj/Tloc      ###.....     24%         4    ####...


Dungeon Overview and Level Annotations

Branches:
Dungeon (6/15)
 Temple: D:4-7

Altars:
Cheibriados

Shops:
D:4 *

Annotations:
D:3 3 runed translucent doors, DKeggars's ghost, novice DsFi


Innate Abilities, Weirdness & Mutations

You can breathe bolts of dispelling energy.
Your rich purple scales are hard. (AC +6)
You cannot fit into any form of body armour.
You are cold-blooded and may be slowed by cold attacks.


Message History

You start resting.
The orc warrior is too close now for your liking.
Casting: Iskenderun's Mystic Blast (safe; 4% risk of failure)
Confirm with . or Enter, or press ? or * to list all spells.
Aiming: Magic Dart (safe; 1% risk of failure)
Press: ? - help, Shift-Dir - straight line, f - orc warrior
Aim: an orc warrior, wielding a +0 trident and wearing a +0 plate armour The magic dart hits the orc warrior but does no damage.
Casting: Magic Dart (safe; 1% risk of failure)
Confirm with . or Enter, or press ? or * to list all spells.
Aiming: Magic Dart (safe; 1% risk of failure)
Press: ? - help, Shift-Dir - straight line, f/p - orc warrior
Aim: an orc warrior, wielding a +0 trident and wearing a +0 plate armour The magic dart hits the orc warrior but does no damage.
Casting: Magic Dart (safe; 1% risk of failure)
Confirm with . or Enter, or press ? or * to list all spells.
You don't have enough magic to cast that spell.
The orc warrior hits you from afar with a +0 trident.
The orc warrior hits you with a +0 trident!!
You die...

#..o#
##.o§##....#
#....#.....#
#..(.'.....#
##...#.....#
..o.#.....
#....##...#
##..!##$..######
....#.....o@..#
....#.........#
###########


You could see an orc warrior.

Vanquished Creatures
  2 phantoms
  A centaur (D:5)
  4 killer bees (D:6)
  A howler monkey (D:5)
  3 hounds
  2 jellies
  2 orc wizards
  An iguana (D:4)
  2 worker ants
  7 adders
  A river rat (D:5)
  An ooze (D:3)
  An adder skeleton (D:4)
  3 worms
  A dart slug (D:3)
  3 leopard geckos
  13 orcs
  8 giant cockroaches
  8 goblins
  10 hobgoblins
  6 jackals
  5 quokkas
  4 ball pythons
  12 bats
  9 frilled lizards
  A jackal skeleton (D:4)
  10 kobolds
  A leopard gecko skeleton (D:4)
  A quokka skeleton (D:5)
  7 rats
130 creatures vanquished.

Vanquished Creatures (others)
  A fulminant prism (D:6)
  2 fungi (D:3)
  A plant (D:3)
4 creatures vanquished.

Grand Total: 134 creatures vanquished

Notes
Turn   | Place    | Note
-------+----------+-------------------------------------------
     0 | D:1      | Kold the Draconian Conjurer began the quest for the Orb.
     0 | D:1      | Reached XP level 1. HP: 14/14 MP: 3/3
   346 | D:1      | Reached XP level 2. HP: 20/20 MP: 0/5
   539 | D:1      | Learned a level 2 spell: Searing Ray
   963 | D:1      | Reached XP level 3. HP: 26/26 MP: 1/6
  1724 | D:1      | Reached skill level 5 in Conjurations
  1799 | D:2      | Found a snail-covered altar of Cheibriados.
  1841 | D:2      | Reached XP level 4. HP: 33/33 MP: 6/8
  2489 | D:3      | Reached XP level 5. HP: 38/38 MP: 2/10
  2908 | D:3      | Found a runed translucent gate.
  2909 | D:3      | Found a runed translucent gate.
  2909 | D:3      | Found a runed translucent gate.
  2917 | D:3      | Noticed DKeggars's ghost (novice DsFi)
  2917 | D:3      | Identified the +4 short sword of Defiance {drain, +Rage
                  | rF+++ MR- Int+6}
  3478 | D:4      | Found Viro's Assorted Antiques.
  3486 | D:4      | Bought a glowing emerald potion for 22 gold pieces
  3547 | D:4      | Reached skill level 6 in Conjurations
  3547 | D:4      | Reached XP level 6. HP: 32/45 MP: 8/12
  3566 | D:4      | Learned a level 4 spell: Iskenderun's Mystic Blast
  3571 | D:4      | Learned a level 4 spell: Fulminant Prism
  3791 | D:4      | Reached skill level 1 in Hexes
  4170 | D:5      | Entered Level 5 of the Dungeon
  4241 | D:5      | Your scales start taking on a rich purple colour.
  4241 | D:5      | Reached XP level 7. HP: 41/50 MP: 12/14
  4250 | D:5      | Reached skill level 7 in Conjurations
  4278 | D:5      | Reached skill level 5 in Spellcasting
  4573 | D:5      | Found a glowing drain.
  4577 | Sewer    | Entered a sewer
  5309 | D:6      | Reached skill level 8 in Conjurations
  5366 | D:6      | Slain by an orc warrior

Skill      XL: |  1  2  3  4  5  6  7 |
---------------+----------------------+-----
Dodging        | 2 |  2.0
Stealth        | 2 |  2.0
Conjurations   | 5 6 8 |  8.2
Spellcasting   | 3 4 5 |  5.0
Hexes          | 2 3 |  3.9

Action                   |  1- 3 |  4- 6 |  7- 9 || total
-------------------------+-------+-------+-------++-------
Melee: Unarmed           |    15 |       |       ||    15
       Tailslap          |    10 |     9 |     2 ||    21
       Dagger            |    57 |    11 |       ||    68
       Morningstar       |       |    28 |    33 ||    61
 Cast: Magic Dart        |    75 |    86 |    65 ||   226
       Searing Ray       |     5 |     9 |     6 ||    20
       Iskenderun's Myst |       |     2 |     1 ||     3
       Fulminant Prism   |       |       |     1 ||     1
  Use: Potion            |     2 |     1 |     2 ||     5
       Scroll            |       |     4 |     3 ||     7
 Stab: Sleeping          |       |       |     1 ||     1
  Eat: Chunk             |     4 |    20 |     2 ||    26
Armor: Skin              |    19 |    27 |    33 ||    79
Dodge: Dodged            |    43 |    45 |    47 ||   135
